 Dungeon Crawl Stone Soup version 0.22-a0-42-g002c468 (webtiles) character file.

63 gmonis the Cudgeler (level 3, -2/33 HPs)
             Began as a Minotaur Berserker on Jan 5, 2018.
             Was a Believer of Trog.
             Slain by a goblin (4 damage)
             ... led by Robin
             ... on level 2 of the Dungeon.
             The game lasted 00:03:25 (939 turns).

gmonis the Cudgeler (Minotaur Berserker)             Turns: 939, Time: 00:03:25

Health: -2/33      AC:  5    Str: 22    XL:     3   Next: 87%
Magic:  2/2        EV: 11    Int:  4    God:    Trog [**....]
Gold:   103        SH:  0    Dex:  9    Spells: 2/2 levels left

rFire    . . .     SeeInvis .   a - +0 mace
rCold    . . .     Gourm    .   (no shield)
rNeg     . . .     Faith    .   h - +0 ring mail
rPois    .         Spirit   .   (helmet restricted)
rElec    .         Reflect  .   (no cloak)
rCorr    .         Harm     .   (no gloves)
MR       .....                  (no boots)
Stlth    ..........             (no amulet)
HPRegen  0.11/turn              (no ring)
MPRegen  0.08/turn              (no ring)

@: berserk cooldown, slowed, very slow
A: retaliatory headbutt, horns 2
a: Berserk, Trog's Hand, Burn Spellbooks, Renounce Religion


You were on level 2 of the Dungeon.
You worshipped Trog.
Trog was pleased with you.
You were very hungry.

You visited 1 branch of the dungeon, and saw 2 of its levels.

You collected 103 gold pieces.

Inventory:

Hand Weapons
 a - a +0 mace (weapon)
Missiles
 k - 23 stones (quivered)
Armour
 b - a +0 animal skin
 h - a +0 ring mail (worn)
Scrolls
 i - a scroll of magic mapping {unknown}
Potions
 d - a potion of mutation {unknown}
 e - a potion of might {unknown}
 f - a potion of curing {unknown}
 g - a potion of resistance {unknown}
 j - a potion of brilliance {unknown}
Comestibles
 c - 2 rations


   Skills:
 - Level 3.9 Fighting
 + Level 5.4 Maces & Flails
 - Level 2.6 Armour
 - Level 2.3 Dodging


You had 2 spell levels left.
You didn't know any spells.

Dungeon Overview and Level Annotations

Branches:
Dungeon (2/15)

Altars:


Innate Abilities, Weirdness & Mutations

You reflexively headbutt those who attack you in melee.
You have a pair of horns on your head.


Message History

You are no longer berserk.
You are exhausted.
You feel yourself slow down. The goblin hits you with a dagger.
* * * LOW HITPOINT WARNING * * *
The goblin hits you but does no damage. The goblin hits you.
* * * LOW HITPOINT WARNING * * *
You barely miss the goblin. Your headbutt misses the goblin.
The goblin closely misses you. The goblin barely misses you.
The goblin hits you.
* * * LOW HITPOINT WARNING * * *
The goblin hits you but does no damage. The goblin barely misses you.
You barely miss the goblin.
The goblin hits you but does no damage. x2
The goblin barely misses you. The goblin hits you.
* * * LOW HITPOINT WARNING * * *
The goblin closely misses you. The goblin barely misses you.
You furiously retaliate!
You headbutt the goblin!
You kill the goblin!
Trog accepts your kill. The goblin hits you.
You die...

##.........##
#####..(........#
................###
........†..........
.........<(........
............†......##
.........÷.()......#
#.........)gg......####
#.......(..@...........
#......................
#......................
#......[.............
#....<)...###........
#####.....# #....gg..
#......# .........
?..#...........g...
#.....##.##....$g...


You could see 2 goblins.

Vanquished Creatures
  Robin (D:2)
  An ooze (D:1)
  A worm (D:2)
  4 bats (D:1)
  A giant cockroach (D:1)
  12 goblins
  3 hobgoblins
  5 jackals (D:1)
  2 kobolds (D:1)
  A quokka (D:2)
  A ball python (D:2)
  4 frilled lizards (D:1)
  6 rats
42 creatures vanquished.

Notes
Turn   | Place    | Note
-------+----------+-------------------------------------------
     0 | D:1      | gmonis the Minotaur Berserker began the quest for the Orb.
     0 | D:1      | Reached XP level 1. HP: 19/19 MP: 0/0
    67 | D:1      | Reached skill level 4 in Maces & Flails
    67 | D:1      | Reached XP level 2. HP: 21/27 MP: 1/1
   491 | D:1      | Reached XP level 3. HP: 31/33 MP: 2/2
   710 | D:2      | Reached ** piety under Trog
   715 | D:2      | Noticed Robin
   815 | D:1      | Reached skill level 5 in Maces & Flails
   930 | D:2      | Killed Robin
   939 | D:2      | Slain by a goblin

Vault maps used:
D:1:      minmay_arrival_hallway
D:2:      nicolae_overflow_hidden_temple, tgw_kikubaaqudgha, uniq_robin

Skill      XL: |  1  2  3 |
---------------+----------+-----
Maces & Flails | 4 5 |  5.4
Fighting       | |  3.9
Armour         | |  2.6
Dodging        | |  2.3

Action                   || total
-------------------------++-------
Melee: Mace              ||    64
       Headbutt          ||    12
Invok: Berserk           ||     1
Armor: Animal skin       ||     4
       Ring mail         ||    31
Dodge: Dodged            ||    68

Table legend:
 A = Spawn XP
 B = Non-spawn XP
 C = Spawn XP percentage of total XP
 D = Spawn monster count
 E = Non-spawn monster count
 F = Spawn count percentage of total count
 G = Total turns spent on level
                    A         B        C        D         E        F      G
               +---------+---------+-------+---------+---------+-------+---------
         Total |       0 |      90 |   0.0 |       0 |      42 |   0.0 |   939
               +---------+---------+-------+---------+---------+-------+---------
           D:1 |       0 |      53 |   0.0 |       0 |      30 |   0.0 |   896
           D:2 |       0 |      37 |   0.0 |       0 |      12 |   0.0 |    43
               +---------+---------+-------+---------+---------+-------+---------
